 Dungeon Crawl Stone Soup version 0.28.0-53-g5a82cb258f (webtiles) character file.

Game seed: 2362087390567905916

560 jjjjhere the Thrower (level 7, -2/60 HPs)
             Began as a Gnoll Wanderer on Aug 15, 2022.
             Was a Follower of Qazlal.
             Slain by Pikel
             ... wielding a +2 whip of electrocution
              (20 damage)
             ... on level 7 of the Dungeon.
             The game lasted 00:03:58 (3163 turns).

jjjjhere the Thrower (Gnoll Wanderer)               Turns: 3163, Time: 00:03:59

Health: -2/60      AC: 16    Str: 13    XL:     7   Next: 31%
Magic:  2/12       EV: 11    Int: 17    God:    Qazlal [*.....]
Gold:   106        SH:  2    Dex: 12    Spells: 12/13 levels left

rFire   + . .      SeeInvis .   t - +11 hand axe "Oqim" {protect, *Noise rF+ rN++ rCorr}
rCold   . . .      Faith    .   (no shield)
rNeg    + + .      Spirit   .   j - +0 ring mail
rPois   .          Reflect  .   (no helmet)
rElec   .          Harm     .   r - +0 cloak
rCorr   +          Rampage  .   h - +2 pair of gloves {infuse}
Will    .....                   (no boots)
Stlth   +.........              (no amulet)
HPRegen 0.20/turn               n - +6 ring of intelligence
MPRegen 0.13/turn               (no ring)

@: under a protective aura, studying Axes
A: fangs 1, strong nose, distributed training
a: Renounce Religion


You were on level 7 of the Dungeon.
You worshipped Qazlal.
Qazlal was aware of your devotion.
You visited 1 branch of the dungeon, and saw 5 of its levels.

You collected 106 gold pieces.

Inventory:

Hand Weapons
 a - a +1 vorpal dagger
 g - a +2 vorpal hand crossbow
 t - the +11 hand axe "Oqim" (weapon) {protect, *Noise rF+ rN++ rCorr}
   (You found it on level 4 of the Dungeon)

   It grants its wielder temporary protection when it strikes (+7 to AC).
   rF:        It protects you from fire.
   rN:        It greatly protects you from negative energy.
   *Noise:    It may make noises in combat.
   rCorr:     It protects you from acid and corrosion.
Missiles
 b - 3 curare-tipped darts (quivered)
 e - 110 stones
 o - 13 poisoned darts
Armour
 c - a +0 robe
 h - a +2 pair of gloves of infusion (worn)
 j - a +0 ring mail (worn)
 r - a +0 cloak (worn)
Jewellery
 n - a +6 ring of intelligence (left hand)
 s - a +6 ring of intelligence
Scrolls
 f - 5 scrolls of identify
 l - a scroll of enchant weapon
 m - 2 scrolls of fog
 q - a scroll of teleportation {unknown}
 u - a scroll of enchant armour {unknown}
Potions
 i - a potion of cancellation {unknown}
 k - 2 potions of curing {unknown}
 p - 2 potions of haste {unknown}
 v - a potion of attraction {unknown}


   Skills:
 + Level 7.0 Fighting
 + Level 2.4 Short Blades
 + Level 2.4 Long Blades
 + Level 3.3 Axes
 + Level 2.4 Maces & Flails
 + Level 2.4 Polearms
 + Level 2.4 Staves
 + Level 2.4 Slings
 + Level 2.4 Bows
 + Level 2.4 Crossbows
 + Level 8.9 Throwing
 + Level 2.4 Armour
 + Level 2.4 Dodging
 + Level 2.4 Stealth
 + Level 2.4 Shields
 + Level 2.4 Unarmed Combat
 + Level 3.7 Spellcasting
 + Level 2.0 Conjurations
 + Level 2.0 Hexes
 + Level 2.0 Summonings
 + Level 2.0 Necromancy
 + Level 2.0 Translocations
 + Level 2.9 Transmutations
 + Level 2.0 Fire Magic
 + Level 2.0 Ice Magic
 + Level 2.0 Air Magic
 + Level 2.0 Earth Magic
 + Level 2.0 Poison Magic
 + Level 2.6 Invocations
 + Level 3.5 Evocations


You had 12 spell levels left.
You knew the following spells:

 Your Spells              Type           Power      Damage    Failure   Level
a - Sting                 Tmut/Pois      44%        1d5       12%         1

Your spell library contained the following spells:

 Spells                   Type           Power      Damage    Failure   Level
 Shock                    Conj/Air       36%        1d5       14%         1
 Ignite Poison            Fire/Tmut/Pois 11%        N/A       36%         3
 Conjure Flame            Conj/Fire      9%         6-21      41%         3
 Sticky Flame             Conj/Fire      9%         2d3       82%         4


Dungeon Overview and Level Annotations

Branches:
Dungeon (4/15)
 Temple: D:4-7

Altars:
Kikubaaqudgha
Qazlal
The Shining One

Shops:
D:2 (

Annotations:
D:7 Pikel


Innate Abilities, Weirdness & Mutations

You have very sharp teeth.
Your uncanny sense of smell can sniff out nearby items.
Your experience applies equally to all skills.


Message History

Pikel shouts!
The lemure shouts! x3
Found a quarterstaff and 23 bolts.
Unknown command.
A phantom comes into view.
You aren't carrying any items that you can evoke.
As you read the scroll labelled RUTOCHEOSH, it crumbles to dust.
It is a scroll of identify.
d - a scroll of fear
As you read the scroll labelled VIMUMPURON, it crumbles to dust.
It is a scroll of enchant weapon.
Your +1 vorpal hand crossbow glows red for a moment.
The phantom closely misses you.
As you read the scroll labelled KINTEO GITROUJ, it crumbles to dust.
The scroll dissolves into smoke.
It was a scroll of fog.
The phantom barely misses you. Pikel hits you but does no damage.
You are electrocuted!!
Okay, then.
As you read the scroll of fear, it crumbles to dust.
You assume a fearsome visage.
Pikel looks frightened!
The lemure looks frightened!
The phantom is unaffected.
The phantom hits you but does no damage.
You slash Pikel!
Your weapon exudes an aura of protection.
Your attack snaps Pikel out of his fear.
Pikel is heavily wounded.
You hit the phantom but do no damage. The phantom closely misses you.
Cornered, Pikel turns to fight!
You slash Pikel!
Pikel is severely wounded.
You slash the phantom! The phantom hits you.
You blink.
Pikel says, "You'll feel the lick of my whip!"
The phantom hits you.
The phantom blinks!
Unknown command.
You slash Pikel!
Pikel is almost dead.
Pikel hits you with a +2 whip of electrocution.
* * * LOW HITPOINT WARNING * * *
You are electrocuted!!
You die...

### #.#.#.#
....###...#.#
..........#.#
........5##.#
..........#.#
..........#.#
.....##.....#
####
#....5#####
#....55WK@#
.....#.#5###§#
...#.#.#.. #§#
....#.#.#..#
.# ...
..#.#... .# ..
# #.#...#.#
..#...#..
#...###


You could see Pikel and a phantom.

Vanquished Creatures
  Eustachio (D:4)
  An ogre (D:4)
  A phantom (D:4)
  A scorpion (D:3)
  A hound (D:4)
  A centaur skeleton (D:4)
  2 iguanas
  4 gnolls (D:3)
  An adder (D:2)
  A worm (D:2)
  A dart slug (D:4)
  4 orcs (D:2)
  An endoplasm (D:1)
  A giant cockroach (D:3)
  4 hobgoblins
  3 jackals (D:4)
  3 kobolds
  5 quokkas
  A ball python (D:2)
  3 bats
  A frilled lizard (D:1)
  4 goblins
  3 rats
48 creatures vanquished.

Notes
Turn   | Place    | Note
-------+----------+-------------------------------------------
     0 | D:1      | jjjjhere the Gnoll Wanderer began the quest for the Orb.
     0 | D:1      | jjjjhere set off with the following items: a +1 vorpal
                  | dagger, 4 curare-tipped darts, a +0 robe; and the following
                  | spell memorised: Sting; and the following spells available
                  | to memorise: Ignite Poison
     0 | D:1      | Reached XP level 1. HP: 23/23 MP: 4/4
   215 | D:1      | Reached XP level 2. HP: 29/29 MP: 5/5
   635 | D:2      | Found a faded altar of an unknown god.
   644 | D:2      | Got Plato's Tome of Air
   662 | D:2      | Reached XP level 3. HP: 35/35 MP: 1/7
   785 | D:2      | Prayed at the altar of an unknown god.
   785 | D:2      | Became a worshipper of Qazlal Stormbringer
   785 | D:2      | Reached * piety under Qazlal
   973 | D:2      | HP: 8/35 [iguana (12)]
   975 | D:2      | Reached skill level 1 in Short Blades
   975 | D:2      | Reached skill level 1 in Long Blades
   975 | D:2      | Reached skill level 1 in Axes
   975 | D:2      | Reached skill level 1 in Maces & Flails
   975 | D:2      | Reached skill level 1 in Polearms
   975 | D:2      | Reached skill level 1 in Staves
   975 | D:2      | Reached skill level 1 in Slings
   975 | D:2      | Reached skill level 1 in Bows
   975 | D:2      | Reached skill level 1 in Crossbows
   975 | D:2      | Reached skill level 1 in Armour
   975 | D:2      | Reached skill level 1 in Dodging
   975 | D:2      | Reached skill level 1 in Stealth
   975 | D:2      | Reached skill level 1 in Shields
   975 | D:2      | Reached skill level 1 in Unarmed Combat
   975 | D:2      | Reached skill level 1 in Invocations
  1228 | D:2      | Reached XP level 4. HP: 35/41 MP: 3/8
  1325 | D:2      | Found Zibuix's Antique Weapon Shoppe.
  1682 | D:3      | Found a glowing golden altar of the Shining One.
  2000 | D:3      | Found an ancient bone altar of Kikubaaqudgha.
  2041 | D:3      | Reached skill level 1 in Conjurations
  2041 | D:3      | Reached skill level 1 in Hexes
  2041 | D:3      | Reached skill level 1 in Summonings
  2041 | D:3      | Reached skill level 1 in Necromancy
  2041 | D:3      | Reached skill level 1 in Translocations
  2041 | D:3      | Reached skill level 1 in Fire Magic
  2041 | D:3      | Reached skill level 1 in Ice Magic
  2041 | D:3      | Reached skill level 1 in Air Magic
  2041 | D:3      | Reached skill level 1 in Earth Magic
  2041 | D:3      | Reached skill level 1 in Poison Magic
  2608 | D:3      | Noticed a scorpion
  2617 | D:3      | Killed a scorpion
  2618 | D:3      | Reached XP level 5. HP: 39/47 MP: 3/9
  2698 | D:4      | Noticed an ogre
  2765 | D:4      | Killed an ogre
  2766 | D:4      | Reached XP level 6. HP: 53/53 MP: 6/11
  2846 | D:4      | Identified the +11 hand axe "Oqim" {protect, *Noise rF+
                  | rN++ rCorr}
  2935 | D:4      | Noticed Eustachio
  2944 | D:4      | Killed Eustachio
  2945 | D:4      | Reached XP level 7. HP: 56/59 MP: 4/12
  3149 | D:4      | You fall into a shaft and drop 3 floors!
  3149 | D:7      | Noticed Pikel
  3163 | D:7      | HP: 18/60 [Pikel/+2 whip of electrocution (2)]
  3163 | D:7      | Slain by Pikel

Illustrated notes

Levels and vault maps discovered:
D:1:      dpeg_arrival_radiant, layout_rooms, serial_curves, eino_curves_03,
          eino_curves_04, corexii_item_surrounded_by_moat
D:2:      layout_basic, shapermc_ecumenical_altar_rom_forum, serial_shops,
          nicolae_lakefront_shop, hangedman_glass_teeth
D:3:      layout_basic, mainiacjoe_overflow_catwalk, tso_metal_star
D:4:      layout_rooms, kennysheep_mini_moat, kennysheep_generic_room_6,
          uniq_sigmund, uniq_eustachio
D:7:      layout_basic, uniq_pikel

Skill      XL: |  1  2  3  4  5  6  7 |
---------------+----------------------+-----
Transmutations | 2 |  2.9
Short Blades   | 1 2 |  2.4
Long Blades    | 1 2 |  2.4
Axes           | 1 2 3 |  3.3
Maces & Flails | 1 2 |  2.4
Polearms       | 1 2 |  2.4
Staves         | 1 2 |  2.4
Slings         | 1 2 |  2.4
Bows           | 1 2 |  2.4
Crossbows      | 1 2 |  2.4
Armour         | 1 2 |  2.4
Dodging        | 1 2 |  2.4
Stealth        | 1 2 |  2.4
Shields        | 1 2 |  2.4
Unarmed Combat | 1 2 |  2.4
Invocations    | 1 2 |  2.6
Spellcasting   | 3 |  3.7
Conjurations   | 1 2 |  2.0
Hexes          | 1 2 |  2.0
Summonings     | 1 2 |  2.0
Necromancy     | 1 2 |  2.0
Translocations | 1 2 |  2.0
Fire Magic     | 1 2 |  2.0
Ice Magic      | 1 2 |  2.0
Air Magic      | 1 2 |  2.0
Earth Magic    | 1 2 |  2.0
Poison Magic   | 1 2 |  2.0
Evocations     | 3 |  3.5
Fighting       | 7 |  7.0
Throwing       | |  8.9

Action                   |  1- 3 |  4- 6 |  7- 9 || total
-------------------------+-------+-------+-------++-------
Melee: Dagger            |    55 |    40 |       ||    95
       Bite              |     5 |     6 |       ||    11
       Hand axe          |       |    15 |    21 ||    36
       Punch             |       |       |     1 ||     1
Throw: Dart              |     3 |     4 |       ||     7
  Use: Scroll            |       |       |     4 ||     4
Armor: Robe              |     3 |       |       ||     3
       Ring mail         |    10 |    33 |    11 ||    54
Dodge: Dodged            |    22 |    32 |    12 ||    66
Block: Other             |       |     4 |       ||     4
